 Dungeon Crawl Stone Soup version 0.30-a0-169-g06f667207d (webtiles) character file.

Game seed: 1157494561323612442

306 qw the Chopper (level 6, 0/37 HPs)
             Began as a Gargoyle Fighter on Sept 29, 2022.
             Slain by Ijyb
             ... wielding a +0 dagger
              (3 damage)
             ... on level 3 of the Dungeon.
             The game lasted 00:00:35 (1925 turns).

qw the Chopper (Gargoyle Fighter)                   Turns: 1925, Time: 00:00:36

Health: 0/37       AC:  0    Str: 21    XL:     6   Next: 39%
Magic:  6/6        EV: 13    Int:  9    God:
Gold:   74         SH:  0    Dex:  9    Spells: 5/5 levels left

rFire   . . .      SeeInvis .    (weapon currently unavailable)
rCold   . . .      Faith    .    (shield currently unavailable)
rNeg    + . .      Spirit   .    (body armour currently unavailable)
rPois   inf        Reflect  .    (helmet currently unavailable)
rElec   .          Harm     .    (cloak currently unavailable)
rCorr   .          Rampage  .    (gloves currently unavailable)
Will    .....                    (boots currently unavailable)
Stlth   +.........               (no amulet)
HPRegen 0.12/turn                (ring currently unavailable)
MPRegen 0.10/turn                (ring currently unavailable)

@: pig-form, very quick
A: fast, no casting, sickness immunity, AC +4, small, negative energy resistance
1, (electricity resistance), torment resistance 1, petrification resistance
a: no special abilities


You were on level 3 of the Dungeon.
You were a filthy swine.
You visited 1 branch of the dungeon, and saw 3 of its levels.

You collected 128 gold pieces.
You spent 54 gold pieces at shops.


Innate Abilities, Weirdness & Mutations

You are a filthy swine.
You move quickly.
Your equipment is almost entirely melded.
You are incapable of wielding weapons or throwing items.
You cannot cast spells.
You are immune to sickness and miasma.
((Your stone body is resilient. (AC +4)))
You are immune to poison.
You resist negative energy. (rN+)
((You are resistant to electric shocks. (rElec)))
You are resistant to unholy torment.
You are immune to petrification.


   Skills:
 + Level 3.4 Fighting
 - Level 5.9 Axes
 - Level 3.2 Armour
 - Level 3.2 Shields


You had 5 spell levels left.
You didn't know any spells.
Your spell library was empty.

Inventory:

Hand Weapons
 i - a +0 flail
 Y - a +0 war axe (melded)
Armour
 b - a +0 helmet (melded)
 c - a +0 buckler (melded)
 g - a +0 plate armour (melded)
Jewellery
 f - a ring of ice
 k - a ring of fire
 m - a ring of protection from cold (melded)
Scrolls
 a - 2 scrolls of identify
 j - a scroll of immolation {unknown}
 n - a scroll of fear {unknown}
Potions
 d - a potion of might
 e - a potion of resistance
 h - a potion of haste {unknown}
 l - a potion of attraction

Dungeon Overview and Level Annotations

Branches:
Dungeon (3/15)

Altars:

Shops:
D:2 [

Annotations:
D:3 Ijyb


Message History

Ijyb hits you with a +0 dagger.
You closely miss Ijyb.
Ijyb is lightly wounded.
Ijyb barely misses you.
You closely miss Ijyb.
Ijyb is lightly wounded.
Ijyb screams, "Die!"
Ijyb misses you.
You hit Ijyb but do no damage.
Ijyb is lightly wounded.
Ijyb misses you.
You hit Ijyb.
Ijyb is lightly wounded.
Ijyb hits you with a +0 dagger.
You closely miss Ijyb.
Ijyb is lightly wounded.
Ijyb hits you with a +0 dagger.
You barely miss Ijyb.
Ijyb is lightly wounded.
You hit Ijyb but do no damage.
Ijyb is lightly wounded.
Ijyb screams, "You nasty!
Big nasty!"
Ijyb hits you with a +0 dagger.
You completely miss Ijyb.
Ijyb is lightly wounded.
Ijyb hits you with a +0 dagger.
You barely miss Ijyb.
Ijyb is lightly wounded.
Ijyb hits you with a +0 dagger.
You closely miss Ijyb.
Ijyb is lightly wounded.
Ijyb barely misses you.
You hit Ijyb but do no damage.
Ijyb is lightly wounded.
Ijyb screams, "It's all mine!"
Ijyb hits you with a +0 dagger.
You completely miss Ijyb.
Ijyb is lightly wounded.
Ijyb hits you with a +0 dagger.
You die...

## #. ##########. #
##.##.......
#####.#######...#.#####.
#.....gh..##......## #.
#.###.###.###......# #.
.. #........#.# ## ##
######.#...# #.#####
##+# ##...## ##.....## #
##.......## ##


You could see Ijyb.

Vanquished Creatures
  Sigmund (D:3)
  A necrophage (D:3)
  A jelly (D:3)
  A gnoll (D:1)
  An adder (D:3)
  A dart slug (D:3)
  An endoplasm (D:1)
  A giant cockroach (D:1)
  6 goblins
  2 hobgoblins (D:2)
  2 jackals (D:2)
  2 kobolds (D:1)
  2 bats
  2 frilled lizards
  5 rats
29 creatures vanquished.

Notes
Turn   | Place    | Note
-------+----------+-------------------------------------------
     0 | D:1      | qw the Gargoyle Fighter began the quest for the Orb.
     0 | D:1      | Reached XP level 1. HP: 14/14 MP: 1/1
     0 | D:1      | 0 ||| qw: Version: 0.2-a-12-gaebbb33
     0 | D:1      | 0 ||| qw: Game counter: 1338
     0 | D:1      | 0 ||| qw: Always use a shield: true
     0 | D:1      | 0 ||| qw: God list: Okawaru
     0 | D:1      | 0 ||| qw: Allow faded altars: false
     0 | D:1      | 0 ||| qw: Do Orc after D:15 true
     0 | D:1      | 0 ||| qw: Do second Lair branch before Depths: true
     0 | D:1      | 0 ||| qw: Lair rune preference: random
     0 | D:1      | 0 ||| qw: Plans: Normal, Zot:1-4, God:TSO, Crypt, Tomb,
                  | Pan, Slime:5, Hells, Abyss, Orb
     0 | D:1      | 0 ||| PLANNING D:1-11
    78 | D:1      | Reached skill level 2 in Axes
   192 | D:1      | Reached XP level 2. HP: 19/19 MP: 2/2
   500 | D:1      | Reached skill level 3 in Axes
   512 | D:1      | Reached XP level 3. HP: 23/23 MP: 3/3
   731 | D:1      | 731 ||| UPGRADING to +0 plate armour.
   741 | D:1      | 741 ||| DROPPING +0 scale mail.
   742 | D:1      | 742 ||| READING scroll labelled KAFUCE GUEL.
   743 | D:1      | 743 ||| DRINKING 4 murky white potions.
   744 | D:1      | 744 ||| DRINKING 2 green potions.
   745 | D:1      | 745 ||| DROPPING 3 potions of degeneration.
   917 | D:2      | 917 ||| DROPPING +0 mace of holy wrath.
   927 | D:2      | Found Apotoriyh's Armour Emporium.
   942 | D:2      | 942 ||| BUYING +0 helmet (54 gold).
   942 | D:2      | Bought a +0 helmet for 54 gold pieces
   942 | D:2      | 942 ||| SHOPLISTING +0 pair of boots (54 gold, have 39).
  1137 | D:2      | Found a faded altar of an unknown god.
  1413 | D:2      | 1413 ||| UPGRADING to +0 helmet.
  1418 | D:2      | 1418 ||| UPGRADING to ring of protection from cold.
  1419 | D:2      | 1419 ||| READING scroll labelled TOPOVE TELUUQ.
  1420 | D:2      | 1420 ||| DRINKING 2 sapphire potions.
  1421 | D:2      | 1421 ||| READING 2 scrolls of identify.
  1421 | D:2      | 1421 ||| IDENTIFYING fizzy yellow potion
  1449 | D:3      | Noticed a necrophage
  1458 | D:3      | Killed a necrophage
  1459 | D:3      | Reached skill level 4 in Axes
  1459 | D:3      | Reached XP level 4. HP: 27/28 MP: 4/4
  1501 | D:3      | Reached XP level 5. HP: 18/32 MP: 5/5
  1709 | D:3      | Noticed Sigmund
  1710 | D:3      | 1710 ||| Stepping ~*~*~tactically~*~*~ (stealth).
  1721 | D:3      | 1721 ||| DRINKING potion of curing.
  1721 | D:3      | 1721 ||| (to cure confusion)
  1732 | D:3      | Killed Sigmund
  1733 | D:3      | Reached skill level 5 in Axes
  1733 | D:3      | Reached XP level 6. HP: 25/37 MP: 6/6
  1907 | D:3      | Noticed Ijyb
  1922 | D:3      | HP: 8/37 [Ijyb/+0 dagger (4)]
  1924 | D:3      | HP: 3/37 [Ijyb/+0 dagger (5)]
  1925 | D:3      | Slain by Ijyb

Levels and vault maps discovered:
D:1:      ebering_hopf_link, layout_basic, serial_bayou_pond_b
D:2:      layout_loops_ring, chequers_ecumenical_altar_island, serial_shops,
          shop_fountains
D:3:      layout_loops_corners, uniq_sigmund, uniq_ijyb, uniq_crazy_yiuf_cottage

Skill      XL: |  1  2  3  4  5 |
---------------+----------------+-----
Axes           | 2 3 4 5 |  5.9
Fighting       | |  3.4
Armour         | |  3.2
Shields        | |  3.2

Action                   |  1- 3 |  4- 6 || total
-------------------------+-------+-------++-------
Melee: War axe           |    70 |    29 ||    99
       Unarmed           |       |    15 ||    15
  Use: Potion            |     3 |     1 ||     4
       Scroll            |     3 |       ||     3
Armor: Scale mail        |    16 |       ||    16
       Plate armour      |    32 |    40 ||    72
Dodge: Dodged            |    21 |    12 ||    33
Block: Buckler           |     8 |    10 ||    18

Table legend:
 A = Non-vault XP
 B = Vault XP
 C = Vault XP percentage of total XP
 D = Non-vault monster count
 E = Vault monster count
 F = Vault count percentage of total count
                 A         B        C        D         E       F
            +---------+---------+-------+---------+---------+-------
      Total |     187 |     251 |  57.3 |      24 |       5 |  17.2
            +---------+---------+-------+---------+---------+-------
        D:1 |      27 |       8 |  22.9 |      10 |       4 |  28.6
        D:2 |      12 |       0 |   0.0 |       8 |       0 |   0.0
        D:3 |     148 |     243 |  62.1 |       6 |       1 |  14.3
            +---------+---------+-------+---------+---------+-------
